 Dungeon Crawl Stone Soup version 0.25-a0-424-g80bd347ae0 (webtiles) character file.

Game seed: 4573063433646404864, levelgen mode: deterministic

3987 Laukis the Blocker (level 10, 0/70 HPs)
             Began as a Demonspawn Fighter on Jan 22, 2020.
             Was a Follower of Makhleb.
             Killed by divine providence
             ... invoked by an orc priest
              (15 damage)
             ... on level 8 of the Dungeon.
             The game lasted 00:28:42 (10794 turns).

Laukis the Blocker (Demonspawn Fighter)            Turns: 10794, Time: 00:28:43

Health: 0/70       AC: 17    Str: 19    XL:     10   Next: 3%
Magic:  10/10      EV:  8    Int: 13    God:    Makhleb [*.....]
Gold:   449        SH: 18    Dex: 13    Spells: 9/9 levels left

rFire    . . .     SeeInvis .   n - +4 rapier (protect)
rCold    + . .     Gourm    .   c - +1 shield
rNeg     . . .     Faith    .   D - +0 scale mail {MR+}
rPois    .         Spirit   .   (no helmet)
rElec    .         Reflect  .   (no cloak)
rCorr    .         Harm     .   (no gloves)
MR       +....                  (no boots)
Stlth    +.........             (no amulet)
HPRegen  0.21/turn              o - ring of stealth
MPRegen  0.12/turn              j - +3 ring of intelligence

@: no status effects
A: large bone plates 2, cold resistance 1, demonic guardian 2, icemail, freezing
cloud immunity
a: Renounce Religion


You were on level 8 of the Dungeon.
You worshipped Makhleb.
Makhleb was aware of your devotion.
You were not hungry.

You visited 2 branches of the dungeon, and saw 9 of its levels.

You collected 449 gold pieces.

Inventory:

Hand Weapons
 a - a +1 long sword
 n - a +4 rapier of protection (weapon)
Missiles
 y - 21 poisoned darts (quivered)
 F - 5 throwing nets
Armour
 c - a +1 shield (worn)
 w - a +0 plate armour
 D - a +0 scale mail of magic resistance (worn)
Jewellery
 j - a +3 ring of intelligence (right hand)
 o - a ring of stealth (left hand)
Wands
 v - a wand of paralysis (11)
 z - a wand of flame (13)
 C - a wand of iceblast (6)
Scrolls
 e - 2 scrolls of immolation {unknown}
 h - 2 scrolls of teleportation
 i - a scroll of remove curse
 k - 3 scrolls of fog
 l - a scroll of amnesia {unknown}
 m - 3 scrolls of enchant armour
 p - a scroll of fear
 r - 2 scrolls of enchant weapon
 u - a scroll of magic mapping
 E - 4 scrolls of identify
Potions
 b - a potion of curing
 d - 2 potions of might
 g - 2 potions of agility
 q - a potion of haste
 s - a potion of heal wounds
 t - 3 potions of brilliance
 x - a potion of mutation
 A - a potion of flight {unknown}
 G - a potion of lignification {unknown}
Comestibles
 f - 9 rations


   Skills:
 - Level 3.0 Fighting
 + Level 7.7 Long Blades
 + Level 6.8 Armour
 * Level 9.4 Shields


You had 9 spell levels left.
You didn't know any spells.
Your spell library was empty.

Dungeon Overview and Level Annotations

Branches:
Dungeon (8/15)             Temple (1/1) D:6
   Lair: D:8-11

Altars:
Ashenzari
Cheibriados
Dithmenos
Elyvilon
Fedhas
Gozag
Hepliaklqana
Kikubaaqudgha
Makhleb
Nemelex Xobeh
Okawaru
Qazlal
Ru
Sif Muna
Trog
Uskayaw
Vehumet
Wu Jian
Xom
Zin
The Shining One


Innate Abilities, Weirdness & Mutations

You are mostly covered in large bone plates. (SH +6)
Your flesh is cold resistant. (rC+)
A demonic guardian rushes to your aid.
A meltable icy envelope protects you from harm. (AC +10)
You are immune to freezing clouds.


Message History

The orc warrior hits you with a +0 flail.
The orc priest mumbles some strange prayers to Beogh against you.
Beogh smites you!
You hit the orc warrior.
The orc warrior is moderately wounded.
You block the orc warrior's attack.
Your shield and scale mail prevent you from hitting the orc warrior.
The orc warrior is moderately wounded.
The orc priest calls down the wrath of Beogh upon you.
Beogh smites you!
The orc warrior hits you with a +0 flail.
You are too injured to fight recklessly!
Things that are here:
a +0 hand axe; an orc corpse The orc priest invokes the aid of Beogh against you.
Beogh smites you!
* * * LOW HITPOINT WARNING * * *
The orc priest invokes the aid of Beogh against you.
Beogh smites you!
You die...

### #.#
#########.#######.
#.................
#####.###.#######.
#.# #......... #.#
#.#######.
####.###.#
#...@..#.#
#......#.#
#......#.#
####o###.# #.# #.#
#o# #.######## #.#
#........# #o#
########.# .o# #.#


You could see an orc warrior, an orc priest and an orc.

Vanquished Creatures
  Harold (D:7)
  Pikel (D:4)
  Eustachio (D:5)
  2 water moccasins
  An orc warrior (D:6)
  3 sky beasts
  2 slaves
  An ice beast (D:8)
  2 phantoms (D:6)
  4 ogres
  A centaur (D:5)
  A big kobold (D:6)
  3 bullfrogs (D:6)
  A scorpion (D:4)
  A water moccasin skeleton (D:8)
  5 killer bees
  2 howler monkeys
  2 crimson imps
  A bullfrog zombie (D:5)
  2 hounds
  A bullfrog skeleton (D:8)
  3 orc priests
  An iguana (D:7)
  5 orc wizards
  3 worker ants
  A killer bee zombie (D:7)
  A hound skeleton (D:4)
  A worker ant zombie (D:7)
  A howler monkey zombie (D:7)
  10 adders
  A shadow imp (D:7)
  An ooze (D:1)
  An adder skeleton (D:4)
  3 worms
  6 leopard geckos
  21 orcs
  7 giant cockroaches
  6 goblins
  5 hobgoblins
  7 jackals
  A quokka (D:2)
  A ball python (D:2)
  A ball python skeleton (D:4)
  6 bats
  10 frilled lizards
  29 kobolds
  A quokka zombie (D:6)
  8 rats
179 creatures vanquished.

Vanquished Creatures (collateral kills)
  Menkaure (D:5)
  An ogre (D:6)
  A centaur (D:6)
  A killer bee (D:7)
  A worm (D:6)
5 creatures vanquished.

Vanquished Creatures (others)
  9 plants (D:6)
9 creatures vanquished.

Grand Total: 193 creatures vanquished

Notes
Turn   | Place    | Note
-------+----------+-------------------------------------------
     0 | D:1      | Laukis the Demonspawn Fighter began the quest for the Orb.
     0 | D:1      | Reached XP level 1. HP: 18/18 MP: 1/1
   188 | D:1      | Gained mutation: Your flesh is cold resistant. (rC+)
                  | [demonic ancestry]
   188 | D:1      | Reached XP level 2. HP: 12/24 MP: 2/2
   196 | D:1      | Reached skill level 3 in Shields
   721 | D:1      | Gained mutation: You are immune to freezing clouds.
                  | [demonic ancestry]
   721 | D:1      | Reached XP level 3. HP: 29/29 MP: 3/3
  1177 | D:2      | Found a blossoming altar of Fedhas.
  1222 | D:2      | Found an opulent altar of Gozag.
  1571 | D:2      | Gained mutation: You are partially covered in large bone
                  | plates. (SH +4) [demonic ancestry]
  1571 | D:2      | Reached XP level 4. HP: 24/35 MP: 4/4
  1775 | D:2      | Found a white marble altar of Elyvilon.
  1779 | D:2      | Found a shimmering altar of Xom.
  1858 | D:2      | Found a faded altar of an unknown god.
  2084 | D:2      | Found an ornate altar of the Wu Jian Council.
  3067 | D:4      | Reached XP level 5. HP: 15/41 MP: 5/5
  3449 | D:4      | Noticed an ogre
  3663 | D:4      | Reached skill level 4 in Shields
  4062 | D:4      | Noticed a slave
  4062 | D:4      | Noticed a slave
  4062 | D:4      | Noticed a slave
  4062 | D:4      | Noticed a slave
  4063 | D:4      | Noticed Pikel
  4136 | D:4      | Killed a slave
  4455 | D:3      | Killed a slave
  4639 | D:4      | Found a hide-covered altar of Uskayaw.
  4746 | D:4      | Noticed a +0 dagger
  4746 | D:4      | Noticed a +0 dagger
  4854 | D:4      | Killed Pikel
  4854 | D:4      | Reached skill level 5 in Shields
  4854 | D:4      | Reached XP level 6. HP: 21/47 MP: 6/6
  4854 | D:4      | Gained mutation: You are mostly covered in large bone
                  | plates. (SH +6) [demonic ancestry]
  4854 | D:4      | Reached XP level 7. HP: 23/52 MP: 7/7
  5164 | D:4      | Reached skill level 5 in Long Blades
  5590 | D:5      | Entered Level 5 of the Dungeon
  5653 | D:5      | Noticed a water elemental
  5657 | D:5      | Found a stormy altar of Qazlal.
  5866 | D:5      | Noticed a fire elemental
  5929 | D:5      | Noticed an air elemental
  6249 | D:5      | Reached skill level 6 in Shields
  6385 | D:5      | Gained mutation: A weak demonic guardian rushes to your
                  | aid. [demonic ancestry]
  6385 | D:5      | Reached XP level 8. HP: 35/58 MP: 8/8
  6706 | D:5      | Noticed Eustachio
  6757 | D:5      | Killed Eustachio
  6919 | D:5      | Found an iron altar of Okawaru.
  6919 | D:5      | Noticed Menkaure
  6968 | D:5      | Killed Menkaure
  7417 | D:6      | Reached skill level 5 in Armour
  7661 | D:6      | Reached skill level 7 in Shields
  7951 | D:6      | Found a staircase to the Ecumenical Temple.
  7986 | Temple   | Entered the Ecumenical Temple
  8044 | Temple   | Became a worshipper of Makhleb the Destroyer
  8448 | D:6      | Gained mutation: A meltable icy envelope protects you from
                  | harm. (AC +10) [demonic ancestry]
  8448 | D:6      | Reached XP level 9. HP: 56/63 MP: 9/9
  8647 | D:6      | Reached * piety under Makhleb
  9053 | D:7      | Noticed Harold
  9085 | D:7      | Killed Harold
  9085 | D:7      | Reached skill level 8 in Shields
  9682 | D:7      | Reached skill level 9 in Shields
 10610 | D:8      | Gained mutation: A demonic guardian rushes to your aid.
                  | [demonic ancestry]
 10610 | D:8      | Reached XP level 10. HP: 55/70 MP: 10/10
 10794 | D:8      | Killed from afar by an orc priest

Levels and vault maps discovered:
D:1:      eino_arrival_water_star, layout_loops_cross
D:2:      layout_loops_corners, nicolae_gozag_cash_rules_everything_around_me,
          overflow_temple_1_default, nicolae_overflow_crystal_walls, minitemple,
          chequers_ecumenical_altar_island, minmay_worlds_worst_comb
D:3:      layout_rooms, first_ration, nrook_loot_triangle, chequers_mini_garden
D:4:      layout_loops_corners, dancing_weapons_uskayaw, uniq_pikel
D:5:      layout_loops_ring, old_standard_altar,
          nicolae_qazlal_style_of_elements, minmay_misc_feat_enclosed,
          kennysheep_path_1, uniq_menkaure, uniq_eustachio
D:6:      kennysheep_kobold_camp, layout_basic, minmay_temple_entry_purple_smoke
D:7:      layout_rooms, grunt_ogre_cave, uniq_harold
D:8:      layout_basic, lemuel_round_altar, serial_curves, eino_curves_04,
          eino_curves_02, eino_curves_03, eino_curves_02
Temple:   nicolae_temple_god_jail

Skill      XL: |  1  2  3  4  5  6  7  8  9 |
---------------+----------------------------+-----
Long Blades    | 2 3 4 5 6 7 |  7.7
Shields        | 3 5 6 7 9 |  9.4
Armour         | 3 4 5 6 |  6.8
Fighting       | |  3.0

Action                   |  1- 3 |  4- 6 |  7- 9 | 10-12 || total
-------------------------+-------+-------+-------+-------++-------
Melee: Long sword        |   158 |   258 |   154 |       ||   570
       Rapier            |       |       |   415 |    12 ||   427
Evoke: Wand              |       |       |     1 |       ||     1
  Use: Scroll            |       |     5 |    10 |       ||    15
       Potion            |       |     1 |     1 |       ||     2
 Stab: Sleeping          |       |       |     1 |       ||     1
       Paralysed         |       |       |     3 |       ||     3
       Distracted        |       |       |     1 |       ||     1
  Eat: Chunk             |     2 |     5 |     7 |       ||    14
       Ration            |       |     2 |     4 |       ||     6
Armor: Scale mail        |    97 |    63 |   131 |     1 ||   292
       Chain mail        |       |       |    56 |       ||    56
Dodge: Dodged            |    45 |    56 |    95 |       ||   196
Block: Shield            |    82 |   196 |   485 |     7 ||   770
       Rpst.: Long sword |    12 |    17 |     8 |       ||    37

Table legend:
 A = Non-vault XP
 B = Vault XP
 C = Vault XP percentage of total XP
 D = Non-vault monster count
 E = Vault monster count
 F = Vault count percentage of total count
                 A         B        C        D         E       F
            +---------+---------+-------+---------+---------+-------
      Total |    3660 |    2037 |  35.8 |     154 |      28 |  15.4
            +---------+---------+-------+---------+---------+-------
        D:1 |      49 |       0 |   0.0 |      27 |       0 |   0.0
        D:2 |      82 |       4 |   4.7 |      23 |       2 |   8.0
        D:3 |      35 |       0 |   0.0 |      10 |       0 |   0.0
        D:4 |     275 |     641 |  70.0 |      22 |       1 |   4.3
        D:5 |     474 |     288 |  37.8 |      12 |       2 |  14.3
        D:6 |    1285 |     135 |   9.5 |      20 |      21 |  51.2
        D:7 |     728 |     969 |  57.1 |      20 |       2 |   9.1
        D:8 |     732 |       0 |   0.0 |      20 |       0 |   0.0
            +---------+---------+-------+---------+---------+-------
